 Dungeon Crawl Stone Soup version 0.18-a0-1773-gec4f98e (webtiles) character file.

1080 FitzyFitz the Basher (level 8, 0/70 HPs)
             Began as a Red Draconian Warper on Apr 15, 2016.
             Was a Follower of Ashenzari.
             Slain by a worker ant (7 damage)
             ... on level 6 of the Dungeon.
             The game lasted 01:13:54 (6305 turns).

FitzyFitz the Basher (Red Draconian Warper)         Turns: 6305, Time: 01:13:54

Health: 0/70       AC: 10    Str: 14    XL:     8   Next: 8%
Magic:  6/11       EV: 12    Int: 15    God:    Ashenzari [*.....]
Gold:   228        SH:  0    Dex: 11    Spells: 4 memorised, 3 levels left

rFire  + . .     SeeInvis .     a - +0 mace
rCold  . . .     Gourm    .     (armour unavailable)
rNeg   . . .     Faith    +     (no shield)
rPois  .         Spirit   .     (helmet restricted)
rElec  .         Dismiss  .     x - +2 cloak
rCorr  .         Reflect  .     (no gloves)
SustAt .         Harm     .     E - +0 pair of boots
MR     +....                    G - amulet of faith
Stlth  +.........               (no ring)
                                o - ring of protection from magic

@: short of breath, hasted, very quick, somewhat resistant to hostile
enchantments, very unstealthy
A: breathe fire, unfitting armour, fire resistance 1, cold-blooded, AC +6
a: Breathe Fire, Curse Item, Scrying, Renounce Religion


You were on level 6 of the Dungeon.
You worshipped Ashenzari.
Ashenzari was aware of your devotion.
You were very hungry.

You visited 1 branch of the dungeon, and saw 6 of its levels.

You collected 228 gold pieces.

Inventory:

Hand Weapons
 a - a +0 mace (weapon)
 v - a +0 hunting sling
 y - a +0 flail
Missiles
 d - 5 tomahawks of dispersal
 e - 56 sling bullets
 k - 5 tomahawks
 l - 9 poisoned needles
 m - 182 stones (quivered)
Armour
 x - a +2 cloak (worn)
 E - a +0 pair of boots (worn)
 F - a +0 cloak
Jewellery
 o - a ring of protection from magic (left hand)
 s - a +3 amulet of reflection
 G - an amulet of faith (around neck)
 K - an uncursed amulet of magic regeneration
 L - an uncursed ring of see invisible
Wands
 t - a wand of flame (33/48)
 A - a wand of slowing (37/48)
 C - a wand of acid (0/15)
 H - a wand of acid (8/15)
 I - a wand of slowing (31/48)
 J - a wand of acid (5/15)
Scrolls
 c - 3 scrolls of blinking
 g - a scroll of recharging
 i - 2 scrolls of immolation
 j - 3 scrolls of enchant armour
 n - 3 scrolls of teleportation
 w - 3 scrolls of fog
 z - 2 scrolls of identify
Potions
 h - a potion of might
 q - a potion of haste
 r - a potion of flight
 u - 2 potions of cure mutation
 D - a potion of curing
Books
 b - a book of Spatial Translocations

   Spells                             Type                      Level
   a - Apportation                    Translocation                1
   b - Blink                          Translocation                2
   c - Shroud of Golubria             Charms/Translocation         2
   d - Portal Projectile              Translocation                3
   e - Teleport Other                 Translocation                3
   f - Passage of Golubria            Translocation                4
Comestibles
 f - 4 bread rations
 p - 3 meat rations
 B - 4 fruits


   Skills:
 - Level 6.0 Fighting
 + Level 8.2 Maces & Flails
 - Level 0.8 Throwing
 - Level 2.1 Dodging
 - Level 2.0 Spellcasting
 - Level 3.0 Translocations


You had 3 spell levels left.
You knew the following spells:

 Your Spells              Type           Power        Failure   Level  Hunger
a - Apportation           Tloc           ##........   8%          1    #......
b - Blink                 Tloc           N/A          12%         2    ###....
c - Shroud of Golubria    Chrm/Tloc      #.........   17%         2    ###....
d - Teleport Other        Tloc           ##......     21%         3    ###....


Dungeon Overview and Level Annotations

Branches:
Dungeon (6/15)             Temple (0/1) D:4

Altars:
Ashenzari
Fedhas
Gozag
Sif Muna
Zin

Shops:
D:5 *


Innate Abilities, Weirdness & Mutations

You can breathe blasts of fire.
Your fiery red scales are hard (AC +6).
Your body does not fit into most forms of armour.
Your flesh is heat resistant.
You are cold-blooded and may be slowed by cold attacks.


Message History

The puff of flame hits the gnoll sergeant.
The gnoll sergeant appears unharmed.
The gnoll sergeant is almost dead.
This wand has 33 charges left.
The gnoll sergeant hits you with a trident!
* * * LOW HITPOINT WARNING * * *
Drink which item? (? for menu, Esc to quit)
Okay, then.
Unknown command.
Casting: Shroud of Golubria
Confirm with . or Enter, or press ? or * to list all spells.
You blink.
A worker ant comes into view.
The worker ant twitches its antennae in your direction.
You hit the worker ant but do no damage.
The worker ant bites you.
* * * LOW HITPOINT WARNING * * *
Drink which item? (? for menu, Esc to quit)
You feel yourself speed up. The worker ant bites you!
You die...

#.#######..###
#..##
#>......##...###.##
#######......<#..#
#####.....###
##......####
#######.##....##
...........##..###
#######a######...#
#@#######..#
#.##......##
####.##.######
##########.......#
.(.ยง.).g......####
#########.##### #.#
.%# ..##


You could see a worker ant.

Vanquished Creatures
  2 giant frogs (D:6)
  2 crimson imps (D:6)
  2 hounds (D:4)
  A jelly (D:5)
  Crazy Yiuf (D:2)
  A centaur skeleton (D:4)
  8 orc priests
  2 orc wizards
  Jessica (D:2)
  5 worker ants
  Robin (D:2)
  11 adders
  7 gnolls
  2 oozes
  An adder skeleton (D:5)
  4 worms
  A dart slug (D:2)
  2 giant geckos
  10 orcs
  5 bats
  6 giant cockroaches
  14 goblins
  9 hobgoblins
  4 jackals (D:5)
  3 quokkas
  2 ball pythons
  4 giant newts
  3 kobolds
  A quokka zombie (D:5)
  9 rats
124 creatures vanquished.

Notes
Turn   | Place    | Note
--------------------------------------------------------------
     0 | D:1      | FitzyFitz the Draconian Warper began the quest for the Orb.
     0 | D:1      | Reached XP level 1. HP: 17/17 MP: 3/3
   480 | D:1      | Reached XP level 2. HP: 26/26 MP: 5/5
  1013 | D:1      | Learned a level 2 spell: Blink
  1016 | D:1      | Learned a level 2 spell: Shroud of Golubria
  1029 | D:2      | Noticed Robin
  1122 | D:2      | Reached XP level 3. HP: 33/33 MP: 6/6
  1400 | D:2      | Found a deep blue altar of Sif Muna.
  1616 | D:2      | Reached XP level 4. HP: 37/41 MP: 5/7
  1661 | D:2      | Noticed Crazy Yiuf
  1758 | D:2      | Killed Robin
  2107 | D:2      | Reached skill level 3 in Maces & Flails
  2215 | D:2      | Killed Crazy Yiuf
  2215 | D:2      | Reached skill level 5 in Fighting
  2215 | D:2      | Reached XP level 5. HP: 23/48 MP: 5/8
  2718 | D:2      | Noticed Jessica
  2725 | D:2      | Killed Jessica
  2766 | D:2      | Found a blossoming altar of Fedhas.
  2907 | D:2      | Learned a level 3 spell: Teleport Other
  3337 | D:3      | Found a shattered altar of Ashenzari.
  3343 | D:3      | Became a worshipper of Ashenzari the Shackled
  3475 | D:3      | Reached skill level 4 in Maces & Flails
  3475 | D:3      | Reached XP level 6. HP: 54/57 MP: 6/9
  3963 | D:4      | Reached skill level 5 in Maces & Flails
  4267 | D:4      | Your scales start taking on a fiery red colour.
  4267 | D:4      | Reached XP level 7. HP: 63/63 MP: 10/10
  4267 | D:4      | Gained mutation: Your flesh is heat resistant. [Red Draconian growth]
  4410 | D:4      | Found a staircase to the Ecumenical Temple.
  4606 | D:4      | Reached skill level 6 in Maces & Flails
  4924 | D:5      | Entered Level 5 of the Dungeon
  5127 | D:5      | Found an opulent altar of Gozag.
  5224 | D:5      | Found Gozag's Platinum Reserve.
  5369 | D:5      | Found a glowing silver altar of Zin.
  5932 | D:6      | Reached skill level 7 in Maces & Flails
  5979 | D:6      | Reached skill level 8 in Maces & Flails
  5979 | D:6      | Reached XP level 8. HP: 29/70 MP: 9/11
  6197 | D:6      | Reached * piety under Ashenzari
  6305 | D:6      | Slain by a worker ant

Vault maps used:
D:1:      minmay_arrival_semitransparent
D:2:      led_sif_pool, minmay_misc_feat_tiny, kennysheep_nub,
          grunt_ministairs_6, fedhas_altar_fruit_tree, uniq_robin,
          uniq_crazy_yiuf_cottage, uniq_jessica
D:3:      ashenzari_altar_1
D:4:      temple_pool_a, first_bread
D:5:      lemuel_doored_altar, mumra_transporter_accident,
          nicolae_gozag_zags_fifth_avenue

Skill      XL: |  1  2  3  4  5  6  7 |
---------------+----------------------+-----
Fighting       | 3 4 5 6 |  6.0
Maces & Flails | 3 4 5 8 |  8.2
Throwing       | |  0.8
Dodging        | |  2.1
Spellcasting   | |  2.0
Translocations | |  3.0

Action                   |  1- 3 |  4- 6 |  7- 9 || total
-------------------------+-------+-------+-------++-------
Melee: Mace              |   125 |   258 |   205 ||   588
       Tailslap          |     7 |    25 |    22 ||    54
Throw: Stone             |     6 |     1 |       ||     7
 Cast: Shroud of Golubri |     3 |    22 |     9 ||    34
       Blink             |       |       |     1 ||     1
 Abil: Breathe Fire      |       |       |     5 ||     5
Evoke: Wand              |       |    11 |     7 ||    18
  Use: Scroll            |       |    10 |     4 ||    14
       Potion            |       |       |     1 ||     1
 Stab: Sleeping          |     1 |       |       ||     1
  Eat: Chunk             |     2 |    11 |     6 ||    19
       Pizza             |       |       |     1 ||     1
Armor: Skin              |    41 |   111 |    99 ||   251
Dodge: Dodged            |    93 |   155 |   154 ||   402
Block: Other             |       |    24 |    14 ||    38
       Reflection        |       |     2 |       ||     2
